 Dungeon Crawl Stone Soup version 0.21.1-1-g345015f (webtiles) character file.

285 grindst0ne the Skirmisher (level 6, -3/52 HPs)
             Began as a Formicid Hunter on Mar 1, 2018.
             Was a Follower of Zin.
             Killed by divine providence
             ... invoked by an orc priest
              (10 damage)
             ... on level 4 of the Dungeon.
             The game lasted 00:07:54 (3316 turns).

grindst0ne the Skirmisher (Formicid Hunter)         Turns: 3316, Time: 00:07:55

Health: -3/52      AC:  9    Str: 16    XL:     6   Next: 55%
Magic:  8/8        EV:  7    Int: 13    God:    Zin [*.....]
Gold:   99         SH:  0    Dex: 13    Spells: 5/5 levels left

rFire    . . .     SeeInvis +   u - +0 war axe
rCold    . . .     Gourm    .   (no shield)
rNeg     . . .     Faith    .   x - +0 chain mail
rPois    +         Spirit   .   (helmet unavailable)
rElec    .         Reflect  .   y - +0 cloak
rCorr    .         Harm     .   (no gloves)
MR       .....                  (no boots)
Stlth    ..........             (no amulet)
HPRegen  0.17/turn              m - +2 ring of dexterity
MPRegen  0.11/turn              r - ring of poison resistance

@: no status effects
A: permanent stasis, dig shafts and tunnels, four strong arms, antennae 3
a: Dig, Shaft Self, Recite, Donate Gold, Renounce Religion


You were on level 4 of the Dungeon.
You worshipped Zin.
Zin was aware of your devotion.
You were hungry.

You visited 1 branch of the dungeon, and saw 4 of its levels.

You collected 110 gold pieces.
You donated 11 gold pieces to Zin.

Inventory:

Hand Weapons
 u - a +0 war axe (weapon)
Missiles
 c - 6 javelins (quivered)
 d - 2 throwing nets
Armour
 a - a +0 large shield
 x - a +0 chain mail (worn)
 y - a +0 cloak (worn)
Jewellery
 m - a +2 ring of dexterity (left hand)
 r - a ring of poison resistance (right hand)
Wands
 g - a wand of digging (12)
Scrolls
 e - a scroll of magic mapping {unknown}
 h - a scroll of remove curse {unknown}
 i - a scroll of immolation {unknown}
 k - 4 scrolls of identify {unknown}
 l - 2 scrolls of amnesia {unknown}
 p - a scroll of enchant armour {unknown}
 q - 5 scrolls of teleportation {unknown}
 s - a scroll of blinking {unknown}
 w - a scroll of fear {unknown}
 A - a scroll of fog {unknown}
Potions
 b - a potion of berserk rage {unknown}
 j - a potion of resistance {unknown}
 n - a potion of heal wounds {unknown}
 o - a potion of degeneration {unknown}
 t - 2 potions of haste {unknown}
 v - a potion of flight {unknown}
 B - a potion of magic {unknown}
Comestibles
 f - 7 rations


   Skills:
 + Level 5.9 Fighting
 + Level 1.0 Axes
 - Level 4.0 Throwing
 - Level 1.7 Dodging
 - Level 1.2 Stealth
 + Level 1.2 Shields
 + Level 3.1 Invocations


You had 5 spell levels left.
You didn't know any spells.

Dungeon Overview and Level Annotations

Branches:
Dungeon (4/15)
 Temple: D:4-7

Altars:
Trog
Yredelemnul
Zin

Shops:
D:2 *


Innate Abilities, Weirdness & Mutations

You cannot be hasted, slowed, berserked, paralysed or teleported.
You can dig through walls and to a lower floor.
Your four strong arms can wield two-handed weapons with a shield.
You have a pair of large antennae on your head. (SInv)


Message History

You hit the orc priest but do no damage.
The orc priest is severely wounded.
The orc priest hits you but does no damage.
The orc priest barely misses you.
You hit the orc priest but do no damage.
The orc priest is severely wounded.
The orc priest hits you but does no damage.
Okay, then.
You barely miss the orc priest.
The orc priest is severely wounded.
The orc priest invokes the aid of Beogh against you.
Beogh smites you! Zin protects you from harm!
The orc priest hits you but does no damage.
You barely miss the orc priest.
The orc priest is severely wounded.
You hear the slow rusting of a very distant drain.
The orc priest calls down the wrath of Beogh upon you.
Beogh smites you!
You die...

.##.#########..#
.......o.......#
##@# #. #.)## .
###.## .#
##.##.# ##...#
#<#.....# #.#
##### ..# ####


You could see an orc priest.

Vanquished Creatures
  An ogre (D:3)
  Crazy Yiuf (D:3)
  An orc wizard (D:4)
  Jessica (D:3)
  A worker ant (D:2)
  An adder (D:2)
  3 worms
  A leopard gecko (D:2)
  7 orcs
  4 giant cockroaches
  11 goblins
  11 hobgoblins
  3 jackals (D:3)
  8 kobolds
  2 quokkas
  4 bats
  2 frilled lizards (D:2)
  7 rats
69 creatures vanquished.

Notes
Turn   | Place    | Note
-------+----------+-------------------------------------------
     0 | D:1      | grindst0ne the Formicid Hunter began the quest for the Orb.
     0 | D:1      | Reached XP level 1. HP: 16/16 MP: 1/1
   361 | D:1      | Reached XP level 2. HP: 20/23 MP: 2/2
   421 | D:1      | Reached skill level 3 in Fighting
   892 | D:2      | Found a basalt altar of Yredelemnul.
   914 | D:2      | Reached skill level 4 in Fighting
   914 | D:2      | Reached XP level 3. HP: 11/30 MP: 3/3
  1291 | D:2      | Reached XP level 4. HP: 19/38 MP: 4/4
  1551 | D:2      | Found Zin's Purification Station.
  1596 | D:2      | Found a glowing silver altar of Zin.
  1647 | D:2      | Became a worshipper of Zin the Law-Giver
  1911 | D:2      | Reached * piety under Zin
  1936 | D:2      | Found a bloodstained altar of Trog.
  2027 | D:2      | Reached skill level 5 in Fighting
  2295 | D:3      | Noticed an ogre
  2302 | D:3      | Killed an ogre
  2302 | D:3      | Reached XP level 5. HP: 10/44 MP: 4/6
  2551 | D:3      | Noticed Jessica
  2564 | D:3      | Killed Jessica
  2564 | D:3      | Reached XP level 6. HP: 47/52 MP: 6/8
  2759 | D:3      | Found a runed door.
  2763 | D:3      | Noticed Crazy Yiuf
  2767 | D:3      | Killed Crazy Yiuf
  3048 | D:3      | Reached skill level 1 in Shields
  3296 | D:4      | Reached skill level 1 in Axes
  3315 | D:4      | Zin protects you from harm!
  3316 | D:4      | Killed from afar by an orc priest

Skill      XL: |  1  2  3  4  5  6 |
---------------+-------------------+-----
Fighting       | 4 5 |  5.9
Invocations    | 2 3 |  3.1
Shields        | 1 |  1.2
Axes           | 1 |  1.0
Throwing       | |  4.0
Dodging        | |  1.7
Stealth        | |  1.2

Action                   |  1- 3 |  4- 6 || total
-------------------------+-------+-------++-------
Melee: Short sword       |    85 |   111 ||   196
       War axe           |       |    83 ||    83
Throw: Javelin           |     1 |    10 ||    11
 Abil: Dig               |       |     8 ||     8
  Use: Potion            |     1 |       ||     1
  Eat: Chunk             |     1 |     4 ||     5
       Ration            |       |     1 ||     1
Armor: Scale mail        |    33 |    63 ||    96
       Leather armour    |     1 |       ||     1
       Chain mail        |       |    67 ||    67
Dodge: Dodged            |    45 |   110 ||   155
